Map: King Sejong Station LE

Players

spunkymonkey - Winner!

  • Race: Zerg Zerg
  • League: Gold
  • Spawn Location: 5:00

Fropez

  • Race: Protoss Protoss
  • League: Gold
  • Spawn Location: 11:00

VOD

Have the link to the VOD?

Description

Time

  • Played on: Oct. 5, 2016, 10:14 a.m.
  • Length: 2:32
Show
View Real Time Build Order
Export as new Build Order

spunkymonkey Zerg - Winner!

Build Orders: Pool First 

Get SALT Encoding   

  12  0:19  Spawning Pool  
  11  0:22  Drone  
  11  0:26  Drone  
  13  0:31  Drone  
  14  0:40  Overlord  
  14  1:06  Zergling x6  
  14  1:07  Queen  
  19  1:25  Zergling x2  
  20  1:30  Zergling x2  
  21  1:39  Zergling x2  
  22  1:51  Overlord  
  22  2:12  Hatchery  
  18  2:30  Hatchery  
Show
View Real Time Build Order
Export as new Build Order

Fropez Protoss 

Build Orders: 1 Gate Expand 

Get SALT Encoding   

  12  0:01  Probe (Chrono Boost)  
  13  0:21  Pylon  
  13  0:22  Probe (Chrono Boost)  
  14  0:32  Probe (Chrono Boost)  
  15  0:43  Probe (Chrono Boost)  
  15  0:45  Gateway  
  15  0:46  Assimilator  
  16  0:53  Probe (Chrono Boost)  
  18  1:04  Probe (Chrono Boost)  
  19  1:24  Nexus, Probe (Chrono Boost)  
  19  1:34  Pylon  
  19  1:51  Pylon  
  19  1:53  Probe (Chrono Boost)  
  20  1:56  Cybernetics Core  
  20  2:03  Probe (Chrono Boost)  
  21  2:09  Gateway  
Tags
 
Add a new tag
Caveats
  • Supply blocks, unpowered buildings, or Contaminate may cause inaccurate times.
  • Supply counts are checked every 10 seconds.